 Dungeon Crawl Stone Soup version 0.27.0-1-g7a089689b8 (webtiles) character file.

Game seed: 11930569271745435494

6312 Smaepdii the Cleaver (level 10, -5/88 HPs)
             Began as a Deep Dwarf Necromancer on Aug 2, 2021.
             Was a High Priest of Fedhas.
             Slain by a killer bee (7 damage)
             ... on level 10 of the Dungeon.
             The game lasted 01:13:35 (9206 turns).

Smaepdii the Cleaver (Deep Dwarf Necromancer)       Turns: 9206, Time: 01:13:36

Health: -5/88      AC:  1    Str: 14    XL:     10   Next: 64%
Magic:  2/20 (11)  EV: 14    Int: 17    God:    Fedhas [*****.]
Gold:   649        SH:  0    Dex: 13    Spells: 4/19 levels left

rFire    . . .     SeeInvis .   b - +2 hand axe (vamp)
rCold    + . .     Faith    .   (no shield)
rNeg     . . .     Spirit   .   o - +2 leather armour {rC+}
rPois    .         Reflect  .   (no helmet)
rElec    .         Harm     .   (no cloak)
rCorr    .         Rampage  .   (no gloves)
Will     +....                  (no boots)
Stlth    ++........             j - amulet of the acrobat
HPRegen  0.00/turn              m - ring of magical power
MPRegen  0.17/turn              p - +4 ring of slaying

@: lethally poisoned (-5 -> -5), about to teleport, corroded, studying Crossbows
A: damage resistance, heal wounds, sense surroundings 2, no regeneration
a: Heal Wounds, Renounce Religion, Wall of Briars, Grow Ballistomycete,
Overgrow, Grow Oklob


You were on level 10 of the Dungeon.
You worshipped Fedhas.
Fedhas was extremely pleased with you.
You visited 1 branch of the dungeon, and saw 10 of its levels.
You also visited: Sewer.

You collected 649 gold pieces.

Inventory:

Hand Weapons
 a - a +0 war axe of freezing
 b - a +2 vampiric hand axe (weapon)
 F - a +4 long sword of flaming
Armour
 k - a +2 robe of willpower
 o - a +2 leather armour of cold resistance (worn)
Jewellery
 d - a ring of fire
 j - an amulet of the acrobat (around neck)
 m - a ring of magical power (left hand)
 p - a +4 ring of slaying (right hand)
 y - an amulet of faith
Wands
 q - a wand of iceblast (4)
 A - a wand of mindburst (6)
 G - a wand of paralysis (11)
 H - a wand of charming (11)
Scrolls
 c - a scroll of immolation
 f - a scroll of fog {unknown}
 i - a scroll of noise {unknown}
 l - a scroll of brand weapon {unknown}
 r - 2 scrolls of torment {unknown}
 t - 4 scrolls of enchant armour {unknown}
 u - a scroll of holy word {unknown}
 v - a scroll of magic mapping {unknown}
 w - a scroll of enchant weapon {unknown}
 z - a scroll of silence {unknown}
 B - 5 scrolls of teleportation
 C - a scroll of identify
Potions
 e - a potion of heal wounds {unknown}
 g - a potion of curing {unknown}
 h - a potion of lignification {unknown}
 n - 2 potions of brilliance
 s - 2 potions of mutation
 x - 2 potions of haste
 D - 2 potions of attraction
 E - a potion of berserk rage {unknown}


   Skills:
 + Level 5.3 Fighting
 * Level 9.5 Axes
 + Level 6.5 Armour
 + Level 7.1 Dodging
 - Level 2.5 Stealth
 + Level 5.4 Spellcasting
 + Level 8.1 Necromancy


You had 4 spell levels left.
You knew the following spells:

 Your Spells              Type           Power      Damage    Failure   Level
a - Pain                  Necr           100%       1d9       1%          1
b - Vampiric Draining     Necr           16%        2d8       1%          3
c - Excruciating Wounds   Necr           16%        N/A       17%         5
d - Dispel Undead         Necr           32%        3d14      6%          4
e - Corpse Rot            Necr/Air       N/A        N/A       4%          2

Your spell library contained the following spells:

 Spells                   Type           Power      Damage    Failure   Level
 Animate Skeleton         Necr           64%        N/A       1%          1
 Animate Dead             Necr           16%        N/A       6%          4
 Apportation              Tloc           8%         N/A       17%         1
 Corona                   Hex            4%         N/A       17%         1
 Summon Small Mammal      Summ           16%        N/A       17%         1
 Agony                    Necr           32%        N/A       17%         5
 Death Channel            Necr           16%        N/A       67%         6


Dungeon Overview and Level Annotations

Branches:
Dungeon (10/15)            Temple (0/1) D:7            Lair (0/6) D:8
  Sewer (visited)
    Orc: D:9-12

Altars:
Dithmenos
Fedhas
Qazlal
Sif Muna
Wu Jian

Shops:
D:2 *


Innate Abilities, Weirdness & Mutations

You are resistant to damage.
You can heal yourself by infusing magical energy.
You passively map the area around you.
You do not regenerate.


Message History

The acid dragon bites you.
* * * LOW HITPOINT WARNING * * *
The acid dragon completely misses you. The killer bee misses you.
Casting: Vampiric Draining (safe; 1% risk of failure)
Confirm with . or Enter, or press ? or * to list all spells.
Aiming: Vampiric Draining (safe; 1% risk of failure)
Press: ? - help, Shift-Dir - straight line, f/p - killer bee
Aim: a killer bee (severely wounded)
You draw life force from the killer bee.
You feel life coursing into your body. The killer bee closely misses you.
The killer bee stings you!
* * * LOW HITPOINT WARNING * * *
The killer bee stings you. The acid dragon bites you.
The acid dragon claws you.
* * * LOW HITPOINT WARNING * * *
The killer bee barely misses you.
Casting: Vampiric Draining (safe; 1% risk of failure)
Confirm with . or Enter, or press ? or * to list all spells.
Aiming: Vampiric Draining (safe; 1% risk of failure)
Press: ? - help, Shift-Dir - straight line, f/p - killer bee
Aim: a killer bee (almost dead)
You draw life force from the killer bee!
You kill the killer bee!
Fedhas appreciates your contribution to the ecosystem.
You feel life coursing into your body. The killer bee completely misses you.
The killer bee barely misses you. The acid dragon spits acid at you.
The splash of acid hits you!
* * * LOW HITPOINT WARNING * * *
You are splashed with acid!
* * * LOW HITPOINT WARNING * * *
Casting: Vampiric Draining (safe; 1% risk of failure)
Confirm with . or Enter, or press ? or * to list all spells.
You don't have enough magic to cast this spell.
You miss the killer bee.
The killer bee is severely wounded.
You hit the acid dragon but do no damage.
The killer bee stings you!
You die...
Fedhas appreciates your contribution to the ecosystem.

, #...# .♣♣.♣ , #...#
###.#.y## * * #...#
#.....y.#
#####...#####........,
,, *
,...............##yy.
* ,
.[.............[.... ,
, ..$....$.D.....# * *
,
,#####)..#####Dy#.##.#
, , *#...# #@......#
** * , * #.....
####.#### *** *
##...#* ,# ,, , #D..#
* ** #...., * * #W..#
* * , ,, * * , > * , ,
,* *, ,, , , , , * *


You could see an acid dragon (catching breath) and a killer bee.

Vanquished Creatures
  A two-headed ogre (D:8)
  A kobold demonologist (D:9)
  2 hornets
  A shadow (D:7)
  A yak (D:8)
  A wyvern (D:10)
  The ghost of velxir3 the Chopper, an amateur DrBe of Trog (D:4)
  An acid dragon (D:7)
  Duvessa (D:4)
  3 water moccasins
  An ice beast (D:5)
  5 orc warriors
  Purgy (Sewer)
  2 sky beasts
  3 ogres
  3 centaurs
  5 kobold brigands
  5 bullfrogs
  A wyvern zombie (D:8)
  2 scorpions
  Dowan (D:4)
  9 killer bees
  3 wights (D:9)
  8 howler monkeys
  A centaur zombie (D:8)
  2 bullfrog zombies (D:5)
  2 hounds
  4 orc priests
  A gnoll shaman (D:6)
  A jelly (D:6)
  A centaur skeleton (D:7)
  4 orc wizards
  2 iguanas
  A killer bee zombie (D:8)
  A hound zombie (D:5)
  A hound skeleton (D:4)
  7 gnolls
  9 adders
  A white imp (D:5)
  An adder skeleton (D:4)
  A worm (D:3)
  5 dart slugs
  17 orcs
  7 endoplasms
  7 giant cockroaches
  8 goblins
  8 hobgoblins
  5 jackals
  39 kobolds
  11 quokkas
  5 ball pythons
  12 bats
  A frilled lizard (D:1)
  5 rats
232 creatures vanquished.

Vanquished Creatures (others)
  9 demonic plants (D:1)
  15 fungi (D:8)
  35 plants
  2 withered plants (D:1)
61 creatures vanquished.

Grand Total: 293 creatures vanquished

Notes
Turn   | Place    | Note
-------+----------+-------------------------------------------
     0 | D:1      | Smaepdii the Deep Dwarf Necromancer began the quest for the
                  | Orb.
     0 | D:1      | Reached XP level 1. HP: 15/15 MP: 3/3
   310 | D:1      | Reached XP level 2. HP: 16/22 MP: 4/4
   448 | D:1      | Found a faded altar of an unknown god.
   462 | D:1      | Became a worshipper of Fedhas Madash
   462 | D:1      | Reached * piety under Fedhas
   623 | D:1      | Reached skill level 1 in Axes
   945 | D:2      | Reached XP level 3. HP: 21/30 MP: 5/5
   995 | D:2      | Reached skill level 1 in Armour
   999 | D:2      | Reached skill level 2 in Axes
  1006 | D:2      | Reached XP level 4. HP: 14/37 MP: 5/5
  1099 | D:2      | Reached ** piety under Fedhas
  1109 | D:2      | Learned a level 3 spell: Vampiric Draining
  1290 | D:2      | Found Elelakk's Assorted Antiques.
  1864 | D:3      | Reached skill level 1 in Fighting
  2074 | D:3      | Found an ornate altar of the Wu Jian Council.
  2137 | D:3      | Reached XP level 5. HP: 41/44 MP: 6/6
  2475 | D:4      | Found a large runed translucent door.
  2475 | D:4      | Found a large runed translucent door.
  2475 | D:4      | Noticed velxir3's ghost (amateur DrBe)
  2522 | D:4      | Reached skill level 3 in Axes
  2522 | D:4      | Reached skill level 5 in Necromancy
  2598 | D:4      | Reached *** piety under Fedhas
  2622 | D:4      | Noticed a centaur
  2635 | D:4      | Killed a centaur
  2636 | D:4      | Reached XP level 6. HP: 42/51 MP: 6/7
  2748 | D:4      | Noticed Duvessa
  2748 | D:4      | Noticed Dowan
  2756 | D:4      | Killed Dowan
  2772 | D:4      | Killed Duvessa
  2773 | D:4      | Reached skill level 4 in Axes
  2895 | D:4      | Reached XP level 7. HP: 25/60 MP: 8/8
  3371 | D:4      | You fall into a shaft and drop 3 floors!
  3434 | D:5      | Entered Level 5 of the Dungeon
  3553 | D:5      | Noticed a hornet
  3563 | D:5      | Paralysed by a hornet for 2 turns
  3573 | D:5      | Killed a hornet
  3574 | D:5      | Reached skill level 5 in Axes
  3627 | D:5      | Found a glowing drain.
  3653 | Sewer    | Entered a sewer
  3699 | Sewer    | Noticed Purgy
  3733 | Sewer    | Killed Purgy
  3734 | Sewer    | Reached XP level 8. HP: 68/68 MP: 5/10
  4084 | D:4      | Killed velxir3's ghost
  4206 | D:5      | Reached **** piety under Fedhas
  4581 | D:5      | Reached skill level 6 in Axes
  4706 | D:5      | Reached skill level 5 in Dodging
  5614 | D:6      | Gained mutation: You passively map the area around you.
                  | [Deep Dwarf growth]
  5614 | D:6      | Reached XP level 9. HP: 48/76 MP: 12/12
  5946 | D:7      | Reached skill level 7 in Axes
  6061 | D:7      | Found a shadowy altar of Dithmenos.
  6107 | D:7      | Found a staircase to the Ecumenical Temple.
  6221 | D:7      | Found a stormy altar of Qazlal.
  6532 | D:7      | Reached ***** piety under Fedhas
  6533 | D:7      | Reached skill level 5 in Armour
  6680 | D:7      | Found a shimmering blue altar of Sif Muna.
  7178 | D:8      | Reached skill level 8 in Axes
  7564 | D:8      | Reached XP level 10. HP: 36/87 MP: 13/13
  7683 | D:8      | Learned a level 5 spell: Excruciating Wounds
  7688 | D:8      | Learned a level 4 spell: Dispel Undead
  7691 | D:8      | Learned a level 2 spell: Corpse Rot
  7896 | D:8      | Noticed a two-headed ogre
  7906 | D:8      | Killed a two-headed ogre
  7907 | D:8      | Reached skill level 5 in Spellcasting
  8085 | D:8      | Found a staircase to the Lair.
  8247 | D:9      | Found a blossoming altar of Fedhas.
  8281 | D:9      | Reached skill level 5 in Fighting
  8283 | D:9      | Reached skill level 9 in Axes
  9018 | D:10     | Entered Level 10 of the Dungeon
  9023 | D:10     | HP: 4/88 [wyvern (10)]
  9200 | D:10     | HP: 1/88 [acid (14)]
  9205 | D:10     | HP: 2/88 [acid (5)]
  9206 | D:10     | Slain by a killer bee

Illustrated notes

Levels and vault maps discovered:
D:1:      dpeg_arrival_morbid_curiosity, layout_basic,
          shapermc_ecumenical_altar_gd
D:2:      layout_loops_ring, serial_shops, nicolae_shop_behind_doors,
          grunt_ministairs_5
D:3:      layout_loops_cross, pdpol_wu_jian_five_deadly_venoms,
          kennysheep_flooded_box
D:4:      layout_loops_ring, ebering_ghost_disaster_area, minmay_manual_mail,
          uniq_duvessa
D:5:      kennysheep_kobold_camp, layout_loops_ring, gup_sewer_entry_pipe
D:6:      layout_rooms
D:7:      layout_loops_ring, mainiacjoe_overflow_alcove_4,
          nicolae_dithmenos_shadow_blocks, lemuel_blue_sif_altar,
          minmay_temple_entry_gardened_gates, hangedman_abyss_or_decor_stagger
D:8:      layout_rooms, grunt_lair_entry_orc_guard_hut
D:9:      layout_basic, fedhas_altar_1, chequers_serial_rivers_micro_b
D:10:     layout_loops_cross, good_gods_temple_1, orc_0_dummy

Skill      XL: |  1  2  3  4  5  6  7  8  9 10 |
---------------+-------------------------------+-----
Axes           | 1 2 3 4 5 6 8 9 |  9.5
Spellcasting   | 2 3 4 5 |  5.4
Armour         | 1 2 3 4 5 6 |  6.5
Fighting       | 1 2 3 4 5 |  5.3
Dodging        | 3 4 5 6 7 |  7.1
Necromancy     | 5 6 7 8 |  8.1
Stealth        | |  2.5

Action                   |  1- 3 |  4- 6 |  7- 9 | 10-12 || total
-------------------------+-------+-------+-------+-------++-------
Melee: War axe           |    65 |    72 |    95 |    15 ||   247
       Unarmed           |    11 |       |       |       ||    11
       Hand axe          |       |       |   174 |    58 ||   232
 Fire: Hunting sling     |    39 |    72 |    12 |       ||   123
 Cast: Vampiric Draining |       |    10 |    92 |    38 ||   140
       Pain              |       |     2 |       |       ||     2
       Dispel Undead     |       |       |       |     3 ||     3
       Corpse Rot        |       |       |       |     2 ||     2
 Abil: Heal Wounds       |     2 |     2 |     5 |     9 ||    18
  Use: Scroll            |       |       |       |     8 ||     8
 Stab: Sleeping          |       |       |     1 |     2 ||     3
Armor: Ring mail         |    39 |    12 |       |       ||    51
       Robe              |     1 |       |       |       ||     1
       Leather armour    |       |    15 |   134 |    19 ||   168
Dodge: Dodged            |    69 |    63 |   311 |   120 ||   563
